Map: 2000 Atmospheres LE

Players

Random

  • Race: Terran Terran

VOD

Have the link to the VOD?

Description

Time

  • Played on: March 9, 2022, 8:16 a.m.
  • Length: 39:39
Show
View Real Time Build Order
Export as new Build Order

Random Terran 

Build Orders:  

Get SALT Encoding   

  12  0:00  SCV  
  13  0:17  SCV  
  14  0:30  Supply Depot  
  14  0:35  SCV  
  15  1:00  SCV  
  16  1:10  Barracks  
  16  1:17  SCV  
  17  1:22  Refinery  
  17  1:34  SCV  
  18  1:51  SCV  
  19  2:08  SCV  
  20  2:19  Command Center  
  20  2:52  SCV  
  21  3:08  SCV  
  21  3:25  Supply Depot  
  21  3:36  Factory, Orbital Command  
  21  3:43  Marine  
  22  4:12  Bunker  
  22  4:13  Barracks Reactor  
  22  4:22  Orbital Command  
  22  4:33  SCV  
  23  4:44  Refinery  
  23  4:48  Factory Tech Lab  
  23  4:50  SCV  
  24  5:00  Starport  
  24  5:07  SCV  
  24  5:08  Marine x2  
  27  5:18  Supply Depot  
  27  5:27  SCV x2  
  29  5:34  Marine x2  
  31  5:42  Siege Tank  
  31  5:44  SCV  
  35  5:51  Supply Depot  
  35  6:13  Barracks  
  35  6:35  Supply Depot  
  35  6:44  Siege Tank  
  35  6:47  SCV  
  35  6:48  SCV  
  40  6:57  Marine  
  40  6:58  Marine  
  42  7:04  SCV  
  42  7:05  SCV  
  44  7:18  Barracks  
  44  7:21  Medivac, SCV  
  44  7:22  SCV  
  48  7:31  Marine x3  
  51  7:47  Refinery  
  51  7:48  SCV x2  
  53  7:56  Marine x3  
  56  8:05  SCV x2  
  56  8:19  Refinery  
  56  8:20  Marine  
  56  8:21  Marine, SCV  
  56  8:22  SCV  
  56  8:25  Medivac  
  62  8:38  SCV  
  63  8:43  Marine  
  63  8:45  Marine  
  63  8:49  Siege Tank  
  68  9:10  Supply Depot  
  68  9:27  Engineering Bay  
  68  9:43  Supply Depot  
  68  10:03  Engineering Bay, Marine  
  68  10:04  Marine x2  
  68  10:08  SCV x2  
  73  10:13  Medivac  
  73  10:16  Supply Depot  
  75  10:21  Siege Tank  
  75  10:28  Marine  
  75  10:29  Marine  
  80  10:52  SCV  
  81  11:01  SCV  
  81  11:06  Siege Tank  
  81  11:09  SCV  
  86  11:20  Terran Infantry Weapons Level 1  
  86  11:21  Terran Infantry Armor Level 1  
  86  11:26  SCV  
  87  11:32  Missile Turret  
  87  11:38  Supply Depot  
  87  11:46  Marine x2  
  89  11:53  Barracks Tech Lab  
  89  11:55  Barracks Reactor  
  89  12:09  Supply Depot  
  89  12:15  Missile Turret  
  89  12:19  Marauder  
  91  12:20  Marine  
  91  12:21  Siege Tank x2, Marine  
  91  12:22  Siege Tank x3  
  91  12:26  SCV  
  91  12:27  SCV  
  76  12:30  Medivac  
  95  12:35  Siege Tank  
  100  12:43  Supply Depot  
  100  12:45  Marine x2  
  100  12:49  Marauder  
  104  13:10  Marine  
  104  13:11  Medivac  
  104  13:19  Marauder  
  109  13:20  Siege Tank  
  112  13:34  SCV x2  
  114  13:45  Marine x2  
  114  13:46  Marine x2  
  118  13:55  Unknown  
  118  14:10  Supply Depot  
  118  14:19  Supply Depot  
  118  14:26  Medivac, Marauder, Marine x3  
  125  14:31  Siege Tank  
  128  14:41  Supply Depot  
  128  14:49  Armory  
  128  14:51  Supply Depot  
  128  14:56  Marauder  
  128  14:58  Fusion Core  
  130  15:05  Marine  
  130  15:06  Marine x3  
  134  15:11  SCV x2  
  134  15:14  Supply Depot  
  134  15:15  Stimpack  
  134  15:17  Medivac  
  138  15:22  Siege Tank  
  138  15:24  Supply Depot  
  138  15:26  Marauder  
  143  15:30  Marine  
  144  15:49  Command Center  
  144  16:07  Siege Tank  
  147  16:12  Refinery  
  147  16:21  Command Center  
  147  16:22  Marine x2  
  147  16:23  Marine x2  
  147  16:26  Marauder  
  147  16:29  SCV x2  
  155  16:40  Refinery  
  155  16:46  Medivac  
  155  16:48  Refinery  
  157  16:52  Siege Tank  
  157  16:55  Marauder  
  157  16:56  Marine x4  
  166  17:03  Terran Infantry Weapons Level 2  
  166  17:05  Terran Infantry Armor Level 2  
  166  17:16  Refinery  
  166  17:21  Marine x2  
  166  17:25  Marauder  
  166  17:28  Medivac  
  172  17:36  Orbital Command  
  172  18:17  Supply Depot  
  172  18:20  Supply Depot  
  172  18:27  Planetary Fortress, Supply Depot  
  172  19:01  Siege Tank  
  172  19:05  Marauder  
  172  19:06  Marine x4  
  181  19:11  Medivac  
  183  19:20  Siege Tank x3  
  183  19:21  Siege Tank x5  
  183  19:24  SCV  
  184  19:31  Marine x3  
  184  19:35  Marauder  
  189  19:41  SCV  
  189  19:46  Siege Tank  
  189  19:47  SCV  
  194  19:53  Medivac  
  194  19:58  SCV  
  197  20:04  Marauder, SCV  
  200  20:18  Terran Infantry Weapons Level 3  
  200  20:20  Terran Infantry Armor Level 3  
  200  20:59  Siege Tank x11  
  127  21:00  Siege Tank x2  
  200  21:15  Siege Tank  
  200  21:16  Siege Tank x12  
  178  21:38  Siege Tank x12  
  178  22:10  Siege Tank x12  
  165  22:36  Marauder, Marine  
  165  22:38  Marine x3  
  129  23:01  Marine  
  129  23:03  Marine x3  
  129  23:06  Marauder  
  101  23:26  Marine  
  101  23:28  Siege Tank, Marine x3  
  99  23:33  Medivac  
  99  23:36  Marauder  
  97  23:51  Marine  
  97  23:53  Marine x3  
  101  24:06  Marauder  
  103  24:13  Siege Tank  
  103  24:15  Medivac, Marine, SCV  
  103  24:17  Marine  
  103  24:18  Marine x2  
  113  24:20  Hi-Sec Auto Tracking  
  113  24:31  SCV  
  113  24:36  Marauder  
  116  24:40  Marine  
  116  24:42  Marine  
  116  24:43  Marine x2  
  116  24:48  SCV  
  121  24:57  Medivac  
  121  24:58  Siege Tank  
  126  25:05  Marine, SCV  
  126  25:06  Marauder  
  126  25:07  Marine  
  126  25:08  Marine x2  
  133  25:18  Structure Armor  
  133  25:20  Barracks  
  133  25:22  SCV  
  134  25:30  Marine  
  134  25:32  Marine  
  134  25:35  Command Center  
  134  25:36  Marauder  
  138  25:52  Command Center  
  138  25:58  Marine  
  138  25:59  Marine x3  
  142  26:06  Marine  
  142  26:08  Siege Tank  
  146  26:16  Terran Vehicle Weapons Level 1  
  146  26:23  Marine x2  
  146  26:24  Marine x2  
  146  26:28  Barracks  
  150  26:31  Marine  
  152  26:43  Barracks Reactor  
  152  26:48  Marine x2  
  152  26:49  Marine x2  
  155  26:53  Siege Tank  
  155  26:56  Marauder  
  155  26:58  Medivac  
  161  27:13  Marine x2  
  161  27:14  Marine x2  
  153  27:26  Marauder  
  155  27:36  Barracks  
  155  27:38  Marine x2, Siege Tank  
  155  27:39  Marine x2  
  162  27:40  Medivac  
  162  27:41  Unknown  
  163  27:56  Marauder  
  152  28:03  Marine x3  
  152  28:04  Marine  
  112  28:22  Medivac  
  112  28:23  Siege Tank  
  112  28:26  Marauder  
  94  28:48  Command Center  
  94  28:56  Terran Vehicle And Ship Armor Level 1  
  94  28:59  Missile Turret  
  94  29:04  Medivac  
  94  29:05  Marauder  
  94  29:06  Marine  
  94  29:07  Siege Tank, Marine x4  
  94  29:08  Marine  
  107  29:12  Barracks Reactor  
  107  29:14  Barracks Reactor  
  107  29:28  Missile Turret  
  107  29:31  Marine, Unknown  
  107  29:32  Marine x4  
  107  29:33  Marine  
  107  29:35  Marauder  
  107  29:36  Refinery  
  115  29:46  Viking  
  117  29:52  Siege Tank  
  117  29:56  Marine, Missile Turret  
  117  29:57  Marine  
  122  30:05  Marauder  
  122  30:08  Marine x4  
  122  30:09  Refinery, Marine x4  
  132  30:21  Marine  
  132  30:22  Marine  
  132  30:28  Viking  
  136  30:32  Marine  
  136  30:33  Marine x4  
  136  30:34  Marine x3  
  136  30:35  Marauder  
  136  30:37  Siege Tank  
  149  30:46  Marine x2  
  151  30:51  Weapon Refit  
  151  30:57  Marine  
  151  30:58  Marine x3  
  155  31:05  Marauder  
  157  31:10  Viking  
  159  31:22  Siege Tank  
  159  31:29  Marine  
  163  31:30  Marine x5  
  163  31:31  Marine x4  
  163  31:35  Marauder  
  163  31:36  Terran Ship Weapons Level 1  
  174  31:52  Viking  
  174  31:54  Marine  
  174  31:55  Marine x5  
  174  31:56  Marine x4  
  186  32:04  Marauder  
  186  32:07  Thor  
  194  32:14  Unknown  
  194  32:19  Marine x2  
  194  32:20  Marine x4  
  194  32:21  Marine  
  172  32:33  Viking  
  172  32:34  Marauder  
  176  32:44  Marine x2  
  178  33:04  Marauder  
  178  33:07  Thor  
  186  33:13  Missile Turret  
  186  33:15  Viking, SCV  
  186  33:18  Siege Tank x4  
  189  33:32  SCV  
  189  33:34  Marauder  
  192  33:44  Missile Turret  
  192  33:49  SCV  
  193  33:55  Starport  
  193  33:57  Viking  
  195  34:03  Unknown  
  195  34:06  SCV  
  196  34:10  Siege Tank  
  196  34:12  Missile Turret  
  196  34:16  Terran Vehicle Weapons Level 2  
  199  34:23  SCV  
  200  34:50  Starport  
  200  34:53  Infernal Pre-Igniter  
  74  36:05  Starport Tech Lab  
  74  36:08  Starport Reactor  
  74  36:23  Viking  
  76  36:43  Marauder  
  76  36:45  Marine x2  
  76  36:46  Marine x4  
  76  36:47  Marine x3  
  76  36:48  Marine  
  88  36:54  Thor  
  94  37:05  Viking  
  96  37:10  Marine x3  
  96  37:11  Marine x3  
  96  37:12  Marine  
  96  37:13  Marauder  
  104  37:42  Marine x2  
  104  37:43  Marauder, Marine x3  
  104  37:47  Viking  
  110  37:54  Thor  
  91  38:12  Marine  
  91  38:13  Marauder, Marine x5  
  91  38:14  Marine x3  
  93  38:26  Viking x2  
  93  38:29  Viking  
  101  38:32  Marine  
  101  38:37  Marine  
  101  38:38  Marine x2  
  90  38:43  Marauder  
  83  38:57  Marine  
Tags
 
Add a new tag
Caveats
  • Supply blocks, unpowered buildings, or Contaminate may cause inaccurate times.
  • Supply counts are checked every 10 seconds.